Match 45630277
Unlisted

Match 45630277
End
Construct Weapon Support Center
Scout Squad
M1919 Machine Gun Team
Selects Special Operations Battlegroup
M1919 Machine Gun Team
Bazooka Squad
Infantry Support Center
M1919 Machine Gun Team
Selects Raiding Flares
M3 Armored Personnel Carrier
Raiding Flares
Demolitions Package
Captain Retinue
Bazooka Squad
M3 Armored Personnel Carrier
Selects SSF Commando Squad
SSF Commando Squad
Raiding Flares
Improved M9 Bazooka Rockets
Selects M29 Weasel Recon Vehicle
Survival Training
SSF Commando Squad
Selects Air Re-supply Operation
Air Re-Supply Operation
Construct Tank Depot
Selects Mark Vehicle
Selects UNKNOWN (2162291)
M4A1 Sherman Whizbang
Raiding Flares
SSF Commando Squad
M3 Armored Personnel Carrier
Mark Vehicle
Raiding Flares
SSF Commando Squad
SSF Commando Squad
Mark Vehicle
ShoulderGuy
Survivalist
Adult Asthma Is A Choice
Farlion
Pob
xbubalo
0
0

Comments sign in to comment!

No comments posted yet!